 Dungeon Crawl Stone Soup version 0.29-a0-330-g52719c12eb (webtiles) character file.

Game seed: 2420898852799219777

290 HoaS the Quickloader (level 6, -2/35 HPs)
             Began as a Kobold Hunter on May 17, 2022.
             Slain by a black bear (5 damage)
             ... on level 4 of the Dungeon.
             The game lasted 00:05:24 (3514 turns).

HoaS the Quickloader (Kobold Hunter)                Turns: 3514, Time: 00:05:25

Health: -2/35      AC:  7    Str:  9    XL:     6   Next: 58%
Magic:  6/6        EV: 13    Int: 10    God:
Gold:   299        SH:  0    Dex: 20    Spells: 5/5 levels left

rFire   . . .      SeeInvis .   a - +2 hand crossbow
rCold   . . .      Faith    .   (no shield)
rNeg    . . .      Spirit   .   n - +0 ring mail
rPois   .          Reflect  .   (no helmet)
rElec   .          Harm     .   f - +0 cloak {rCorr}
rCorr   +          Rampage  .   (no gloves)
Will    .....                   g - +0 pair of boots
Stlth   ++........              (no amulet)
HPRegen 0.11/turn               (no ring)
MPRegen 0.10/turn               (no ring)

@: no status effects
A: small, no large weapons, nightstalker 3
a: no special abilities


You were on level 4 of the Dungeon.
You visited 1 branch of the dungeon, and saw 4 of its levels.

You collected 299 gold pieces.

Inventory:

Hand Weapons
 a - a +2 hand crossbow (weapon)
Armour
 f - a +0 cloak of preservation (worn)
 g - a +0 pair of boots (worn)
 n - a +0 ring mail (worn)
Wands
 b - a wand of digging (6)
Scrolls
 c - 2 scrolls of immolation
 m - a scroll of teleportation
Potions
 d - 3 potions of mutation
 h - a potion of flight {unknown}
 i - a potion of attraction {unknown}
 j - 2 potions of might
 k - a potion of ambrosia {unknown}
 l - 2 potions of curing {unknown}


   Skills:
 - Level 2.1 Fighting
 + Level 9.7 Crossbows
 - Level 2.4 Dodging
 - Level 1.3 Stealth


You had 5 spell levels left.
You didn't know any spells.
Your spell library contained the following spells:

 Spells                   Type           Power      Damage    Failure   Level
 Blink                    Tloc           0%         N/A       85%         2
 Lesser Beckoning         Tloc           0%         N/A       97%         3
 Manifold Assault         Tloc           0%         N/A       100%        5


Dungeon Overview and Level Annotations

Branches:
Dungeon (4/15)
 Temple: D:4-7

Altars:

Shops:
D:3 =


Innate Abilities, Weirdness & Mutations

You are small and have problems with some larger weapons.
You are completely attuned to the shadows.


Message History

You shoot a bolt. The bolt hits the black bear.
The black bear is severely wounded.
The black bear bites you! The black bear claws you.
* * * LOW HITPOINT WARNING * * *
The black bear claws you.
* * * LOW HITPOINT WARNING * * *
The black bear bites you but does no damage.
The black bear closely misses you. x2
You are too injured to fight recklessly!
You are too injured to fight recklessly!
You feel much better. The black bear barely misses you.
The black bear claws you but does no damage.
The black bear claws you.
Okay, then.
Shoot: a) +2 hand crossbow
Press: ? - help, Q - select action Shift-Dir - straight line, f/p - black bear
Aim: a black bear (severely wounded, berserk, 75% to hit)
You shoot a bolt. The bolt hits the black bear.
The black bear is almost dead.
The black bear completely misses you. The black bear claws you.
The black bear closely misses you. The black bear misses you.
The black bear claws you but does no damage.
The black bear claws you.
* * * LOW HITPOINT WARNING * * *
Shoot: a) +2 hand crossbow
Press: ? - help, Q - select action Shift-Dir - straight line, f/p - black bear
Aim: a black bear (almost dead, berserk, 75% to hit)
You shoot a bolt. The bolt barely misses the black bear.
The black bear bites you.
* * * LOW HITPOINT WARNING * * *
The black bear misses you.
The black bear claws you but does no damage.
The black bear misses you. The black bear closely misses you. x2
Shoot: a) +2 hand crossbow
Press: ? - help, Q - select action Shift-Dir - straight line, f/p - black bear
Aim: a black bear (almost dead, berserk, 75% to hit)
You shoot a bolt. The bolt barely misses the black bear.
The black bear bites you but does no damage.
The black bear claws you.
You die...

#.# #.###
#...# ###.#
#.# #.#
#.##### #.#
#.....# #.#
#####.#
#h###.
#.#####@....
#....†......
###########.


You could see a black bear (berserk).

Vanquished Creatures
  A phantom (D:4)
  Crazy Yiuf (D:3)
  An orc priest (D:4)
  An iguana (D:4)
  An orc wizard (D:4)
  6 adders
  A dart slug (D:1)
  4 orcs (D:4)
  7 ball pythons
  2 bats
  2 endoplasms
  2 giant cockroaches (D:3)
  2 goblins (D:3)
  8 hobgoblins
  4 jackals (D:3)
  2 quokkas
  5 frilled lizards
  2 kobolds
  4 rats
56 creatures vanquished.

Notes
Turn   | Place    | Note
-------+----------+-------------------------------------------
     0 | D:1      | HoaS the Kobold Hunter began the quest for the Orb.
     0 | D:1      | Reached XP level 1. HP: 12/12 MP: 1/1
    20 | D:1      | Found a faded altar of an unknown god.
   142 | D:1      | Found a transporter.
   366 | D:1      | Reached XP level 2. HP: 17/17 MP: 2/2
   546 | D:1      | Reached skill level 6 in Crossbows
  1404 | D:2      | Reached XP level 3. HP: 21/21 MP: 3/3
  2003 | D:3      | Reached skill level 7 in Crossbows
  2013 | D:3      | Reached XP level 4. HP: 26/26 MP: 4/4
  2344 | D:3      | Found a runed translucent door.
  2347 | D:3      | Noticed Crazy Yiuf
  2533 | D:3      | Found Jacreg's Jewellery Boutique.
  2912 | D:3      | Killed Crazy Yiuf
  2913 | D:3      | Reached skill level 8 in Crossbows
  2913 | D:3      | Reached XP level 5. HP: 10/30 MP: 5/5
  3325 | D:4      | Noticed a phantom
  3333 | D:4      | Killed a phantom
  3334 | D:4      | Reached skill level 9 in Crossbows
  3334 | D:4      | Reached XP level 6. HP: 23/35 MP: 6/6
  3503 | D:4      | Noticed a black bear
  3514 | D:4      | Slain by a black bear

Illustrated notes

Levels and vault maps discovered:
D:1:      spicycebolla_arrival_teleporter_tutorial, layout_basic,
          hellmonk_ecumenical_altar_run_dry
D:2:      layout_loops_ring
D:3:      layout_basic, serial_shops, shop_coins, uniq_crazy_yiuf_cottage
D:4:      layout_loops_ring, lightli_ossuary_entry_decrepit_ruins

Skill      XL: |  1  2  3  4  5 |
---------------+----------------+-----
Crossbows      | 6 7 8 9 |  9.7
Fighting       | |  2.1
Dodging        | |  2.4
Stealth        | |  1.3

Action                   |  1- 3 |  4- 6 || total
-------------------------+-------+-------++-------
 Fire: Hand crossbow     |    67 |   106 ||   173
  Use: Scroll            |     4 |     2 ||     6
       Potion            |       |     1 ||     1
Armor: Leather armour    |     7 |     5 ||    12
       Ring mail         |       |    21 ||    21
Dodge: Dodged            |    19 |    59 ||    78

Table legend: (Time is in decaauts)
 A = Elapsed time spent in this place.
 B = Non-inter-level travel time spent in this place.
 C = Inter-level travel time spent in this place.
 D = Time resting spent in this place.
 E = Time spent auto-exploring this place.
 F = Levels seen in this place.
 G = Mean time per level.
                   A        B        C        D        E       F      G
               +--------+--------+--------+--------+--------+-----+--------+
         Total |   3562 |   3421 |    141 |    344 |   2596 |   4 |  890.5 |
       Dungeon |   3562 |   3421 |    141 |    344 |   2596 |   4 |  890.5 |
               +--------+--------+--------+--------+--------+-----+--------+

Top non-repeatable levels by time:
     D:3: 1390 daAuts
     D:1: 1081 daAuts
     D:2: 740 daAuts
     D:4: 350 daAuts
